 Dungeon Crawl Stone Soup version 0.30-a0-799-g109b55a442 (webtiles) character file.

Game seed: 13672024260890991722

889 cforsyth the Magician (level 8, -11/50 HPs)
             Began as a Djinni Conjurer on Feb 20, 2023.
             Mangled by Blork the orc
             ... wielding a +0 halberd
              (15 damage)
             ... on level 5 of the Dungeon.
             The game lasted 00:09:29 (3450 turns).

cforsyth the Magician (Djinni Conjurer)             Turns: 3450, Time: 00:09:30

Health: -11/50     AC:  2    Str:  4 (6)  XL:     8   Next: 27%
Gold:   185        EV: 12    Int: 19 (22) God:
                   SH:  0    Dex: 10 (12)

rFire   + + .      SeeInvis .    (no weapon)
rCold   x . .      Faith    .    (no shield)
rNeg    . . .      Spirit   .    a - +0 robe
rPois   ∞          Reflect  .    (no helmet)
rElec   .          Harm     .    (no cloak)
rCorr   .          Rampage  .    (no gloves)
Will    .....                    (boots unavailable)
Stlth   ++                       (no amulet)
HPRegen 0.28/turn                (no ring)
MPRegen 0.00/turn                (no ring)

@: flying
A: sickness immunity, fire resistance 2, cold vulnerability 1, float, innate
caster, HP casting, extra vitality 1
a: no special abilities


You were on level 5 of the Dungeon.
You visited 1 branch of the dungeon, and saw 5 of its levels.

You collected 232 gold pieces.
You spent 47 gold pieces at shops.

Inventory:

Armour
 a - a +0 robe (worn)
Scrolls
 d - a scroll of torment {unknown}
 e - 6 scrolls of identify {unknown}
 f - a scroll of silence {unknown}
 g - a scroll of amnesia
 j - a scroll of teleportation
 k - a scroll of enchant weapon {unknown}
 m - a scroll of fog {unknown}
 o - a scroll of fear {unknown}
 p - a scroll of blinking {unknown}
Potions
 b - 2 potions of degeneration
 c - a potion of berserk rage {unknown}
 h - a potion of curing {unknown}
 i - a potion of attraction {unknown}
 l - 2 potions of lignification {unknown}
 n - a potion of heal wounds


   Skills:
 - Level 2.2 Dodging
 - Level 1.6 Stealth
 + Level 7.6 Spellcasting


You knew the following spells:

 Your Spells              Type           Power      Damage    Failure   Level
a - Magic Dart            Conj           100%       1d8       1%          1
b - Searing Ray           Conj           72%        2d7       1%          2
c - Dazzling Flash        Conj/Hex       72%        N/A       1%          3
d - Fulminant Prism       Conj/Hex       18%        3d10      4%          4
e - Iskenderun's Mystic   Conj/Tloc      36%        2d9       4%          4
f - Sting                 Tmut/Pois      100%       1d8       1%          1
g - Scorch                Fire           72%        2d9       1%          2
h - Call Imp              Summ           36%        N/A       1%          2
Your spell library was empty.

Dungeon Overview and Level Annotations

Branches:
Dungeon (5/15)
 Temple: D:4-7

Altars:

Shops:
D:4 *

Annotations:
D:3 1 runed translucent door, joebusybody's ghost, amateur OgCA
D:5 Blork the orc


Innate Abilities, Weirdness & Mutations

You are immune to sickness and miasma.
You are immune to poison.
Your flesh is very heat resistant. (rF++)
You are vulnerable to cold. (rC-)
You float through the air rather than walking.
You learn spells naturally, not from books.
Your magical power is your life essence.
You have superior vitality. (+4 MHP)


Message History

Blork the orc looks satisfied for a moment.
Blork the orc mumbles some strange words.
Blork the orc seems to speed up.
Your fulminant prism crackles loudly.
Your fulminant prism explodes!
The blast of energy engulfs the orc!!
You kill the orc!
You hear a bark!
You hear an angry hiss.
Casting: Fulminant Prism (dangerous; 4% risk of failure)
Confirm with . or Enter, or press ? or * to list all spells.
Aiming: Fulminant Prism (dangerous; 4% risk of failure)
Press: ? - help, Dir - move target You conjure a prism of explosive energy!
A fulminant prism comes into view.
Your fulminant prism crackles loudly.
Blork the orc begins to cast a cantrip, but forgets the words!
Your fulminant prism explodes!
The blast of energy engulfs Blork the orc!!
Blork the orc is severely wounded.
You hear a bark!
You hear a howl!
You hear a bark! x2
Casting: Fulminant Prism (dangerous; 4% risk of failure)
Confirm with . or Enter, or press ? or * to list all spells.
Aiming: Fulminant Prism (dangerous; 4% risk of failure)
Press: ? - help, Dir - move target You conjure a prism of explosive energy!
A fulminant prism comes into view.
Blork the orc screams, "I'll crush all your ribs!
One by one!"
Blork the orc hits your fulminant prism with a +0 halberd!
Your fulminant prism detonates feebly.
Casting: Fulminant Prism (dangerous; 4% risk of failure)
Confirm with . or Enter, or press ? or * to list all spells.
Aiming: Fulminant Prism (dangerous; 4% risk of failure)
Press: ? - help, Dir - move target You conjure a prism of explosive energy!
* * * LOW HITPOINT WARNING * * *
A fulminant prism comes into view.
Blork the orc hits you from afar with a +0 halberd!
* * * LOW HITPOINT WARNING * * *
Blork the orc hits you from afar with a +0 halberd!
You die...

###..## #.. ....<## #..
#### .......# ##
#.####..##
........##.##..#.....#
.....................#
....#...........##...####
#.#.#...........##......#
....#......<.....#.#.#..#
.... .........o.@....#..#
.......).*...#.....#
.......†....#####.##
...........## #.#
..........## ###
.......)####...
......#).S.....
#..####†....... ...
).....#..


You could see Blork the orc (fast, ally target) and a friendly fulminant prism.

Vanquished Creatures
  An orc warrior (D:5)
  A necrophage (D:3)
  2 scorpions (D:4)
  4 wights (D:4)
  2 hounds
  2 orc priests (D:5)
  2 iguanas
  2 orc wizards
  8 adders
  2 ufetubi (D:5)
  3 worms
  3 dart slugs
  12 orcs
  9 endoplasms
  3 giant cockroaches
  6 goblins
  5 hobgoblins
  2 quokkas (D:1)
  8 ball pythons
  3 bats
  3 frilled lizards
  5 kobolds
  7 rats
95 creatures vanquished.

Vanquished Creatures (others)
  25 fulminant prisms
25 creatures vanquished.

Grand Total: 120 creatures vanquished

Notes
Turn   | Place    | Note
-------+----------+-------------------------------------------
     0 | D:1      | cforsyth the Djinni Conjurer began the quest for the Orb.
     0 | D:1      | cforsyth set off with the following spells memorised: Magic
                  | Dart, Searing Ray, Dazzling Flash, Fulminant Prism,
                  | Iskenderun's Mystic Blast.
     0 | D:1      | Reached XP level 1. HP: 15/15 MP: 0/0
    83 | D:1      | Reached XP level 2. HP: 18/21 MP: 0/0
   474 | D:2      | Reached XP level 3. HP: 20/25 MP: 0/0
   474 | D:2      | Learned a level 1 spell: Sting
   564 | D:2      | Reached skill level 4 in Spellcasting
   704 | D:2      | Reached XP level 4. HP: 28/31 MP: 0/0
  1158 | D:3      | Found a runed translucent door.
  1159 | D:3      | Noticed joebusybody's ghost (amateur OgCA)
  1174 | D:3      | Noticed a necrophage
  1185 | D:3      | Killed a necrophage
  1186 | D:3      | Reached skill level 5 in Spellcasting
  1186 | D:3      | Reached XP level 5. HP: 4/35 MP: 0/0
  1186 | D:3      | Learned a level 2 spell: Scorch
  1510 | D:3      | Found a faded altar of an unknown god.
  1892 | D:4      | Reached XP level 6. HP: 10/40 MP: 0/0
  2207 | D:4      | Found Bum Binko's Assorted Antiques.
  2275 | D:4      | Bought a scroll labelled DUALIF ORUU for 25 gold pieces
  2275 | D:4      | Bought a sapphire potion for 22 gold pieces
  2445 | D:4      | Reached skill level 6 in Spellcasting
  2445 | D:4      | Reached XP level 7. HP: 28/45 MP: 0/0
  2445 | D:4      | Learned a level 2 spell: Call Imp
  3289 | D:5      | Entered Level 5 of the Dungeon
  3368 | D:5      | Reached skill level 7 in Spellcasting
  3393 | D:5      | Noticed Blork the orc
  3402 | D:5      | Reached XP level 8. HP: 17/50 MP: 0/0
  3450 | D:5      | Mangled by Blork the orc

Illustrated notes

Levels and vault maps discovered:
D:1:      psy_arrival_radial02, layout_rooms
D:2:      layout_rooms
D:3:      layout_rooms, gammafunk_ghost_grave,
          hellmonk_ecumenical_altar_inner_sanctum
D:4:      layout_layer_cave, serial_shops, nicolae_square_shop,
          chequers_serial_rivers_room_b
D:5:      layout_cave_pools, nicolae_ossuary_entry_giza,
          guppyfry_early_orc_mine, uniq_blork_the_orc

Skill      XL: |  1  2  3  4  5  6  7 |
---------------+----------------------+-----
Spellcasting   | 4 5 6 7 |  7.6
Dodging        | |  2.2
Stealth        | |  1.6

Action                     |  1- 3 |  4- 6 |  7- 9 || total
---------------------------+-------+-------+-------++-------
   Cast: Magic Dart        |    53 |    99 |     8 ||   160
         Iskenderun's Myst |       |     4 |     4 ||     8
         Fulminant Prism   |       |     8 |    18 ||    26
    Use: Scroll            |       |       |     3 ||     3
         Potion            |       |       |     2 ||     2
 Armour: Robe              |       |     1 |     5 ||     6
  Dodge: Dodged            |     1 |     7 |    17 ||    25

Table legend: (Time is in decaauts)
 A = Elapsed time spent in this place.
 B = Non-inter-level travel time spent in this place.
 C = Inter-level travel time spent in this place.
 D = Time resting spent in this place.
 E = Time spent auto-exploring this place.
 F = Levels seen in this place.
 G = Mean time per level.
                   A        B        C        D        E       F      G
               +--------+--------+--------+--------+--------+-----+--------+
         Total |   3451 |   3336 |    115 |    106 |   2684 |   5 |  690.2 |
       Dungeon |   3451 |   3336 |    115 |    106 |   2684 |   5 |  690.2 |
               +--------+--------+--------+--------+--------+-----+--------+

Top non-repeatable levels by time:
     D:4: 1603 daAuts
     D:2: 644 daAuts
     D:3: 613 daAuts
     D:1: 468 daAuts
     D:5: 122 daAuts
